Map: King Sejong Station LE

Players

Has

  • Race: Protoss Protoss

viOLet - Winner!

  • Race: Zerg Zerg

Event: IEM Season 11 - Shanghai

VOD

Have the link to the VOD?

Description

Time

  • Played on: July 28, 2016, 8:29 a.m.
  • Length: 8:39

All games in this series

Show
View Real Time Build Order
Export as new Build Order

Has Protoss 

Build Orders:  

Get SALT Encoding   

  12  0:00  Probe (Chrono Boost)  
  13  0:11  Probe (Chrono Boost)  
  14  0:18  Pylon  
  14  0:22  Probe (Chrono Boost)  
  15  0:36  Probe (Chrono Boost)  
  15  0:40  Gateway  
  16  0:46  Probe (Chrono Boost)  
  17  0:52  Forge  
  17  0:57  Probe (Chrono Boost)  
  18  1:08  Probe (Chrono Boost)  
  18  1:09  Assimilator  
  19  1:18  Probe (Chrono Boost)  
  20  1:33  Pylon  
  20  1:34  Pylon  
  20  1:35  Pylon  
  20  1:37  Pylon  
  20  1:40  Pylon  
  20  1:51  Photon Cannon  
  20  1:57  Pylon  
  20  2:04  Pylon  
  20  2:13  Photon Cannon  
  20  2:20  Photon Cannon  
  20  2:27  Probe (Chrono Boost)  
  19  2:37  Probe (Chrono Boost)  
  20  2:52  Nexus  
  20  2:54  Probe (Chrono Boost)  
  21  3:05  Probe (Chrono Boost)  
  22  3:09  Assimilator  
  22  3:13  Cybernetics Core  
  22  3:23  Photon Cannon  
  22  3:26  Probe (Chrono Boost)  
  23  3:36  Probe (Chrono Boost)  
  24  3:47  Probe (Chrono Boost)  
  25  3:57  Probe (Chrono Boost), Pylon  
  26  4:04  Probe (Chrono Boost)  
  26  4:05  Warp Gate  
  26  4:08  Probe (Chrono Boost)  
  28  4:15  Stargate  
  28  4:17  Mothership Core (Chrono Boost)  
  28  4:20  Probe (Chrono Boost)  
  31  4:33  Nexus  
  31  4:37  Probe (Chrono Boost)  
  33  4:38  Probe (Chrono Boost)  
  33  4:48  Probe (Chrono Boost)  
  33  4:50  Pylon  
  34  4:53  Probe (Chrono Boost), Assimilator  
  34  4:56  Assimilator  
  34  4:58  Probe (Chrono Boost)  
  36  5:01  Phoenix  
  39  5:08  Probe (Chrono Boost)  
  39  5:09  Probe (Chrono Boost)  
  40  5:17  Stargate  
  40  5:21  Stargate  
  40  5:23  Probe (Chrono Boost)  
  40  5:26  Probe (Chrono Boost)  
  40  5:27  Oracle  
  42  5:34  Probe (Chrono Boost)  
  46  5:40  Probe (Chrono Boost)  
  47  5:44  Probe (Chrono Boost), Pylon  
  47  5:46  Probe (Chrono Boost)  
  49  5:52  Probe (Chrono Boost)  
  49  5:55  Probe (Chrono Boost)  
  52  5:57  Probe (Chrono Boost), Oracle  
  52  5:59  Oracle  
  56  6:04  Probe (Chrono Boost)  
  56  6:08  Probe (Chrono Boost)  
  60  6:12  Pylon  
  60  6:15  Probe (Chrono Boost)  
  60  6:16  Probe (Chrono Boost)  
  62  6:19  Oracle  
  62  6:21  Probe (Chrono Boost)  
  66  6:27  Probe (Chrono Boost)  
  66  6:28  Probe (Chrono Boost)  
  68  6:36  Probe (Chrono Boost)  
  69  6:43  Probe (Chrono Boost)  
  69  6:46  Probe (Chrono Boost)  
  66  6:48  Probe (Chrono Boost)  
  66  6:53  Oracle  
  63  6:54  Oracle  
  63  6:55  Probe (Chrono Boost)  
  63  6:58  Probe (Chrono Boost)  
  63  7:00  Probe (Chrono Boost)  
  59  7:09  Gateway  
  59  7:10  Probe (Chrono Boost), Pylon  
  56  7:30  Probe x2 (Chrono Boost), Pylon  
  56  7:36  Pylon  
  54  7:42  Probe x2 (Chrono Boost)  
  53  7:47  Pylon  
  53  7:48  Pylon  
  53  7:54  Probe (Chrono Boost)  
  48  8:02  Gateway  
  48  8:04  Pylon  
  48  8:07  Probe (Chrono Boost), Sentry  
  50  8:19  Probe (Chrono Boost)  
Show
View Real Time Build Order
Export as new Build Order

viOLet Zerg - Winner!

Build Orders: Hatch First 

Get SALT Encoding   

  12  0:00  Drone  
  13  0:12  Overlord  
  13  0:17  Drone  
  14  0:30  Drone x2  
  14  0:35  Drone  
  17  0:52  Hatchery  
  17  0:54  Drone  
  17  0:58  Drone  
  18  1:09  Extractor  
  17  1:12  Spawning Pool  
  17  1:16  Drone  
  17  1:19  Drone  
  18  1:32  Drone  
  19  2:00  Queen  
  19  2:01  Zergling x2  
  22  2:03  Queen  
  22  2:04  Zergling x2  
  22  2:05  Spine Crawler  
  24  2:11  Zergling x2  
  25  2:16  Zergling x2  
  22  2:33  Drone  
  22  2:39  Drone  
  22  2:43  Drone  
  23  2:45  Drone  
  23  2:53  Drone  
  23  2:54  Drone  
  23  2:57  Drone  
  26  3:03  Overlord  
  26  3:10  Zergling x2  
  26  3:12  Zergling x2  
  28  3:22  Drone x3  
  31  3:29  Drone x2  
  33  3:39  Hatchery  
  32  3:41  Drone  
  32  3:45  Drone  
  34  3:48  Drone  
  34  3:49  Overlord  
  35  3:57  Drone  
  35  3:59  Overlord  
  36  4:10  Drone x3  
  36  4:11  Drone x2  
  36  4:13  Queen  
  43  4:20  Drone x2  
  43  4:23  Drone  
  43  4:24  Drone x2  
  48  4:29  Metabolic Boost  
  48  4:32  Overlord  
  48  4:33  Drone  
  48  4:34  Drone  
  50  4:40  Drone  
  50  4:41  Drone  
  50  4:42  Extractor  
  50  4:50  Queen  
  50  4:51  Queen  
  53  4:56  Drone x4  
  57  5:01  Overlord  
  57  5:02  Drone  
  57  5:03  Drone  
  59  5:11  Baneling Nest  
  59  5:13  Drone x4  
  62  5:16  Overlord  
  62  5:21  Overlord  
  62  5:24  Overlord x2  
  62  5:29  Zergling x6  
  62  5:33  Zergling x4  
  62  5:34  Zergling x4  
  69  5:36  Zergling x4  
  69  5:38  Zergling x2  
  73  5:42  Zergling x2  
  73  5:43  Zergling x4  
  73  5:46  Zergling x2  
  76  5:51  Evolution Chamber  
  76  5:52  Zergling x4  
  77  5:58  Zergling x14  
  77  6:02  Zergling x2  
  85  6:05  Zergling x2  
  85  6:09  Zergling x4  
  88  6:12  Baneling  
  88  6:13  Baneling x4  
  88  6:15  Baneling x12, Zergling x2  
  88  6:16  Zergling x6  
  92  6:24  Overlord  
  92  6:25  Overlord  
  92  6:32  Overlord  
  84  6:42  Zergling x4  
  84  6:44  Zergling x18  
  88  6:50  Zergling x2  
  86  6:56  Zergling x4  
  86  6:58  Zergling x4  
  86  6:59  Lair  
  86  7:00  Queen x2, Zergling x4  
  95  7:07  Zergling x4  
  96  7:09  Zergling x2  
  94  7:22  Zergling x2  
  94  7:23  Zergling x4  
  94  7:25  Hatchery  
  94  7:27  Baneling x7  
  94  7:28  Zergling x6  
  98  7:30  Drone x2  
  98  7:31  Drone x4  
  104  7:41  Zergling x6  
  100  7:45  Queen x2  
  101  7:55  Drone  
  101  7:56  Drone x2  
  94  8:05  Drone x8  
  100  8:07  Hydralisk Den  
  100  8:08  Extractor x2  
  100  8:09  Spore Crawler  
  98  8:14  Drone x6  
  98  8:15  Extractor  
  98  8:18  Extractor  
  102  8:26  Drone  
  102  8:27  Drone x2  

Tags
 
Add a new tag
Caveats
  • Supply blocks, unpowered buildings, or Contaminate may cause inaccurate times.
  • Supply counts are checked every 10 seconds.